 Dungeon Crawl Stone Soup version 0.22-a0-377-g846bec1 (webtiles) character file.

6153 Falco the Grappler (level 10, -8/82 (83) HPs)
             Began as a Ghoul Chaos Knight on Apr 28, 2018.
             Mangled by a troll (9 damage)
             ... on level 9 of the Dungeon.
             The game lasted 01:00:21 (8003 turns).

Falco the Grappler (Ghoul Chaos Knight)             Turns: 8003, Time: 01:00:22

HP:   -8/82 (83)    AC:  6    Str: 19    XL:     10   Next: 90%
MP:   0/19          EV: 17    Int:  7    God:    Xom [....*.]
Gold: 2714          SH:  0    Dex:  9    Spells: 6/10 levels left

rFire    . . .     SeeInvis .     - Unarmed
rCold    + . .     Gourm    .   (no shield)
rNeg     + + +     Faith    .   o - +3 leather armour
rPois    ∞         Spirit   +   c - +0 hat
rElec    .         Reflect  .   (no cloak)
rCorr    .         Harm     .   (no gloves)
MR       .....                  (no boots)
Stlth    +.........             F - amulet of guardian spirit
HPRegen  0.00/turn              u - +3 ring of evasion
MPRegen  0.16/turn              v - ring of magical power

@: confused, flying, rotting
A: rotting body, claws 1, carnivore, cold resistance 1, negative energy
resistance 3, inhibited regeneration, torment resistance, unbreathing
a: Renounce Religion


You were on level 9 of the Dungeon.
You worshipped Xom.
You were a beloved toy of Xom.
You were not hungry.

You visited 2 branches of the dungeon, and saw 11 of its levels.

You collected 2714 gold pieces.

Inventory:

Hand Weapons
 l - a +1 short sword
 n - a +0 whip
 w - a +3 rapier of speed
 z - a +3 scimitar
 C - a cursed -2 mace
 G - a +3 short sword
 H - a cursed +2 flail
Missiles
 x - 170 stones (quivered)
 J - 7 javelins of penetration
Armour
 c - a +0 hat (worn)
 o - a +3 leather armour (worn)
Magical Staves
 t - an uncursed staff of death
Jewellery
 u - a +3 ring of evasion (left claw)
 v - a ring of magical power (right claw)
 F - an amulet of guardian spirit (around neck)
Wands
 s - a wand of acid (7)
 L - a wand of polymorph (19)
Scrolls
 e - a scroll of enchant armour {unknown}
 f - 3 scrolls of teleportation
 h - 4 scrolls of remove curse
 i - 3 scrolls of noise {unknown}
 m - a scroll of enchant weapon
 q - 3 scrolls of fear {unknown}
 y - 2 scrolls of magic mapping {unknown}
 B - a scroll of amnesia {unknown}
 D - a scroll of holy word {unknown}
 K - a scroll of fog {unknown}
Potions
 a - a potion of degeneration {unknown}
 g - a potion of flight
 j - a potion of berserk rage {unknown}
 k - 2 potions of cancellation
 p - a potion of haste {unknown}
 r - a potion of invisibility {unknown}
 A - 2 potions of ambrosia {unknown}
 E - a potion of might {unknown}
Comestibles
 b - 20 rations


   Skills:
 + Level 5.9 Fighting
 + Level 4.6 Armour
 + Level 5.8 Dodging
 + Level 3.2 Stealth
 + Level 13.6 Unarmed Combat
 + Level 0.7 Spellcasting
 + Level 1.2 Summonings
 + Level 0.1 Evocations


You had 6 spell levels left.
You knew the following spells:

 Your Spells              Type           Power        Failure   Level  Hunger
a - Confusing Touch       Hex            #.....       45%         1    ##.....
b - Summon Small Mammal   Summ           #...         30%         1    ##.....
c - Call Imp              Summ           #.......     41%         2    ###....


Dungeon Overview and Level Annotations

Branches:
Dungeon (10/15)            Temple (0/1) D:7             Orc (1/2) D:9
   Lair: D:8-11

Altars:
Ashenzari
Cheibriados
Gozag
Hepliaklqana
Kikubaaqudgha
Okawaru
Qazlal
Sif Muna
Uskayaw
Vehumet
Xom
Zin
Beogh

Shops:
D:4 (   D:5 =


Innate Abilities, Weirdness & Mutations

Your body is rotting away.
You thrive on raw meat.
You are immune to poison.
You have sharp fingernails.
You are carnivorous and can eat meat at any time.
Your flesh is cold resistant. (rC+)
You are immune to negative energy. (rN+++)
You do not regenerate when monsters are visible.
You are immune to unholy pain and torment.
You can survive without breathing.


Message History

You detect nothing.
You are now a favourite toy of Xom.
The troll bites you!
* * * LOW HITPOINT WARNING * * *
The troll barely misses you. The troll completely misses you.
It was a potion of flight.
You feel very buoyant.
You fly up into the air.
The troll closely misses you. The troll claws you!
* * * LOW HITPOINT WARNING * * *
The troll claws you!
* * * LOW HITPOINT WARNING * * *
Xom titters.
You are confused.
You are now a beloved toy of Xom.
You bump into the rock wall.
You scratch the troll but do no damage. You claw the troll, but do no damage.
The troll bites you!
You die...
Xom bursts into laughter!

#.##
##.....#..###..........<..##
..#
##...##.##...#############
.############)#..###
.............)..##
########.....[### #......#
#......# #####...########
##.........@....#
####..#####[.T####.#######
###....## ##..## #.......####
#...#### ##..# #######....###
..### #..###### ####.... ###
#.......########### #
######## ##..###............
## #......#
#.....##..........# .##
#......####.....##...........


You could see a troll.

Vanquished Creatures
  The ghost of andrewp the Cleaver, a novice HOBe of Trog (D:9)
  The ghost of andrewp the Cleaver, a novice HOBe of Trog (D:7)
  A troll (D:9)
  A hungry ghost (D:8)
  4 yaks (D:9)
  Edmund (D:5)
  A warg (Orc:1)
  Duvessa (D:5)
  3 orc warriors
  A sky beast (D:6)
  2 ice beasts
  3 phantoms
  A centaur (D:6)
  4 ogres
  3 bullfrogs
  Dowan (D:5)
  3 scorpions
  6 wights (D:8)
  2 howler monkeys
  4 crimson imps
  A quasit (D:8)
  A bullfrog zombie (D:5)
  3 hounds
  A jelly (D:8)
  3 orc priests
  A bullfrog skeleton (D:9)
  2 centaur skeletons
  Terence (D:2)
  An iguana (D:8)
  8 orc wizards
  11 worker ants
  A killer bee zombie (D:6)
  A hound zombie (D:9)
  A hound skeleton (D:4)
  10 gnolls
  7 adders
  3 shadow imps (D:7)
  An ooze (D:1)
  2 adder skeletons
  2 worms
  3 dart slugs
  A leopard gecko (D:4)
  29 orcs
  8 bats
  4 giant cockroaches
  5 hobgoblins
  8 jackals
  2 quokkas
  A ball python (D:1)
  3 frilled lizards
  10 goblins
  A jackal skeleton (D:4)
  15 kobolds
  3 rats
198 creatures vanquished.

Vanquished Creatures (collateral kills)
  A two-headed ogre (D:8)
  Sigmund (D:5)
  A wight (D:8)
  A hound (D:3)
  An orc wizard (D:8)
  A gnoll (D:4)
  A howler monkey skeleton (D:8)
  8 orcs
15 creatures vanquished.

Vanquished Creatures (others)
  A howler monkey (D:8)
1 creature vanquished.

Grand Total: 214 creatures vanquished

Notes
Turn   | Place    | Note
-------+----------+-------------------------------------------
     0 | D:1      | Falco the Ghoul Chaos Knight began the quest for the Orb.
     0 | D:1      | Reached XP level 1. HP: 19/19 MP: 0/0
    93 | D:1      | Reached skill level 1 in Dodging
   199 | D:1      | Reached XP level 2. HP: 25/25 MP: 1/1
   288 | D:1      | XOM is BORED!
   288 | D:1      | XOM: silly message
   486 | D:1      | XOM: harmless Tloc miscast
   496 | D:1      | Reached XP level 3. HP: 32/32 MP: 2/2
   569 | D:1      | Reached skill level 4 in Unarmed Combat
   887 | D:2      | Noticed Terence
   892 | D:2      | XOM: smoke on damage
   903 | D:2      | XOM: potion effect (heal wounds)
   929 | D:2      | Killed Terence
   929 | D:2      | Reached XP level 4. HP: 23/40 MP: 3/3
   943 | D:2      | XOM: 2-stop teleportation journey
  1124 | D:2      | Found a hazy altar of Hepliaklqana.
  1244 | D:2      | Found a glowing silver altar of Zin.
  1297 | D:3      | Found a stormy altar of Qazlal.
  1314 | D:3      | Reached skill level 5 in Unarmed Combat
  1396 | D:3      | XOM: cloud trail
  1415 | D:3      | Noticed an ogre
  1421 | D:3      | Killed an ogre
  1421 | D:3      | Reached XP level 5. HP: 40/46 MP: 4/4
  1425 | D:3      | Noticed an ogre
  1430 | D:3      | Killed an ogre
  1430 | D:3      | Reached skill level 6 in Unarmed Combat
  1430 | D:3      | Reached XP level 6. HP: 47/52 MP: 5/5
  1458 | D:3      | XOM: summons friendly iron imp
  1459 | D:3      | XOM: summons friendly quasit
  2018 | D:4      | Noticed a phantom
  2031 | D:4      | Killed a phantom
  2031 | D:4      | Reached skill level 7 in Unarmed Combat
  2031 | D:4      | Reached XP level 7. HP: 56/58 MP: 6/6
  2033 | D:4      | Found Cojes's Antique Weapon Shoppe.
  2130 | D:4      | Found a radiant altar of Vehumet.
  2161 | D:4      | Found a hide-covered altar of Uskayaw.
  2161 | D:4      | XOM: 4-stop teleportation journey
  2257 | D:4      | Found a snail-covered altar of Cheibriados.
  2300 | D:4      | XOM: medium Ice miscast
  2306 | D:3      | XOM: scenery: create altars
  2562 | D:4      | XOM: scenery: create altars
  2816 | D:4      | XOM is BORED!
  2832 | D:4      | XOM: god gift: box of beasts
  3000 | D:5      | Entered Level 5 of the Dungeon
  3046 | D:5      | Found an ancient bone altar of Kikubaaqudgha.
  3155 | D:5      | Noticed Edmund
  3155 | D:5      | XOM: scenery: create altars
  3156 | D:5      | XOM: destruction
  3165 | D:5      | Killed Edmund
  3165 | D:5      | Reached skill level 8 in Unarmed Combat
  3194 | D:5      | Found Woriodim's Jewellery Boutique.
  3196 | D:5      | Noticed Sigmund
  3196 | D:5      | XOM: summons 5 friendly demons
  3206 | D:5      | Killed Sigmund
  3206 | D:5      | Reached XP level 8. HP: 49/67 MP: 7/7
  3314 | D:5      | Found an opulent altar of Gozag.
  3337 | D:5      | XOM: god gift: whip {god gift}
  3374 | D:5      | XOM: scenery: 2 doors close
  3532 | D:5      | Noticed Duvessa
  3532 | D:5      | Noticed Dowan
  3533 | D:5      | XOM: cleaving
  3538 | D:5      | XOM: summons 2 hostile shadow creatures
  3540 | D:5      | XOM: divination: detect creatures
  3543 | D:5      | Killed Duvessa
  3543 | D:5      | Reached skill level 1 in Stealth
  3549 | D:5      | Reached skill level 9 in Unarmed Combat
  3551 | D:5      | Killed Dowan
  3578 | D:5      | XOM: god gift: 20 stones
  4240 | D:6      | XOM: scenery: create altars
  4258 | D:6      | Reached skill level 10 in Unarmed Combat
  4467 | D:6      | Reached XP level 9. HP: 71/71 MP: 8/8
  4614 | D:6      | XOM: polymorph gnoll -> orc
  4636 | D:6      | XOM: divination: detect items
  5048 | D:7      | Found a staircase to the Ecumenical Temple.
  5232 | D:7      | XOM: cast spell 'Olgreb's Toxic Radiance'
  5310 | D:7      | Reached skill level 5 in Fighting
  5321 | D:7      | Learned a level 1 spell: Confusing Touch
  5323 | D:7      | Learned a level 1 spell: Summon Small Mammal
  5326 | D:7      | Learned a level 2 spell: Call Imp
  5338 | D:7      | Noticed andrewp's ghost (novice HOBe)
  5352 | D:7      | Killed andrewp's ghost
  5352 | D:7      | Reached skill level 11 in Unarmed Combat
  5611 | D:7      | XOM: silly message
  5860 | D:7      | Found a deep blue altar of Sif Muna.
  5860 | D:7      | Found a shimmering altar of Xom.
  5865 | D:7      | Found an iron altar of Okawaru.
  5910 | D:8      | Noticed a two-headed ogre
  5966 | D:8      | XOM: mild Conj miscast
  5997 | D:8      | XOM: cast spell 'Summon Hydra'
  5999 | D:8      | Killed a two-headed ogre
  6026 | D:8      | XOM: destruction
  6044 | D:8      | Reached skill level 12 in Unarmed Combat
  6063 | D:8      | Reached XP level 10. HP: 41/82 MP: 9/9
  6236 | D:8      | XOM: potion effect (haste)
  6309 | D:8      | Reached skill level 5 in Dodging
  6376 | D:8      | XOM: cleaving
  6379 | D:8      | XOM: polymorph crocodile -> ogre
  6380 | D:8      | XOM: potion effect (curing)
  6584 | D:8      | XOM: god gift: 2150 gold pieces
  6769 | D:9      | Reached skill level 1 in Summonings
  6876 | D:9      | XOM is BORED!
  6876 | D:9      | XOM: summons 4 hostile demons
  6877 | D:9      | Noticed an orange demon
  6885 | D:9      | Reached skill level 13 in Unarmed Combat
  7160 | D:9      | Found a staircase to the Orcish Mines.
  7255 | D:9      | Found a shattered altar of Ashenzari.
  7397 | D:9      | Noticed andrewp's ghost (novice HOBe)
  7406 | D:9      | XOM: confusion
  7409 | D:9      | XOM: confuse monster(s)
  7423 | D:9      | Killed andrewp's ghost
  7503 | D:9      | Found a roughly hewn altar of Beogh.
  7506 | D:9      | XOM: medium Tmut miscast
  7781 | Orc:1    | XOM: noise
  7781 | Orc:1    | Entered Level 1 of the Orcish Mines
  7786 | Orc:1    | XOM: noise
  7790 | Orc:1    | XOM: noise
  7811 | Orc:1    | XOM: blink monster(s)
  7825 | D:9      | XOM: confusion (+ monsters)
  7840 | D:9      | XOM: cast spell 'Dispersal'
  7860 | D:9      | XOM: noise
  7863 | D:9      | XOM: harmless Summ miscast
  7869 | D:9      | XOM: cast spell 'Summon Small Mammal'
  7877 | D:9      | XOM: cast spell 'Summon Ice Beast'
  7916 | D:9      | XOM: divination: detect creatures
  7942 | D:9      | XOM: cast spell 'Summon Ice Beast'
  7949 | D:9      | XOM: noise
  7959 | D:10     | Entered Level 10 of the Dungeon
  7979 | D:9      | XOM: divination: detect creatures
  7991 | D:9      | HP: 3/82 [troll (3)]
  7991 | D:9      | HP: 1/82 [troll (2)]
  8001 | D:9      | XOM: confusion
  8003 | D:9      | Mangled by a troll

Vault maps used:
D:1:      enne_arrival_octagon_isle
D:2:      nicolae_overflow_crystal_walls, zin_statuary, minivault_25,
          uniq_terence
D:3:      lemuel_crystal_altar, first_ration
D:4:      kennysheep_mini_moat, lemuel_doored_altar, kennysheep_little_box,
          serial_shops, nicolae_shop_temple_entry_statues_fountains
D:5:      lemuel_round_altar, lemuel_round_altar, serial_shops,
          nicolae_shop_crystal, kennysheep_generic_room_15, uniq_edmund,
          uniq_sigmund, uniq_duvessa
D:7:      minitemple, minmay_temple_entry_steel_oval
D:9:      kennysheep_mini, minmay_orc_entry_temple_small
D:10:     lair_entry_dummy

Skill      XL: |  1  2  3  4  5  6  7  8  9 10 |
---------------+-------------------------------+-----
Dodging        | 1 2 3 4 5 |  5.8
Armour         | 2 3 4 |  4.6
Unarmed Combat | 4 5 6 7 8 10 12 13 | 13.6
Fighting       | 4 5 |  5.9
Stealth        | 2 3 |  3.2
Summonings     | 1 |  1.2
Spellcasting   | |  0.7
Evocations     | |  0.1

Action                   |  1- 3 |  4- 6 |  7- 9 | 10-12 || total
-------------------------+-------+-------+-------+-------++-------
Melee: Unarmed           |   133 |   105 |   338 |   251 ||   827
       Punch             |       |     3 |    10 |    16 ||    29
Throw: Stone             |       |       |       |     1 ||     1
 Cast: Call Imp          |       |       |       |     3 ||     3
Evoke: Box of beasts     |       |       |     1 |       ||     1
  Use: Potion            |     2 |       |     6 |     5 ||    13
       Scroll            |       |     2 |     6 |     3 ||    11
 Stab: Distracted        |       |       |     1 |       ||     1
       Sleeping          |       |       |     1 |       ||     1
  Eat: Chunk             |       |    12 |    33 |    10 ||    55
Armor: Leather armour    |    53 |    26 |    88 |    38 ||   205
Dodge: Dodged            |    64 |    57 |   220 |   201 ||   542

Table legend:
 A = Spawn XP
 B = Non-spawn XP
 C = Spawn XP percentage of total XP
 D = Spawn monster count
 E = Non-spawn monster count
 F = Spawn count percentage of total count
 G = Total turns spent on level
                    A         B        C        D         E        F      G
               +---------+---------+-------+---------+---------+-------+---------
         Total |       0 |    8790 |   0.0 |       0 |     214 |   0.0 |  8003
               +---------+---------+-------+---------+---------+-------+---------
           D:1 |       0 |      50 |   0.0 |       0 |      26 |   0.0 |   669
           D:2 |       0 |      87 |   0.0 |       0 |      19 |   0.0 |   623
           D:3 |       0 |     448 |   0.0 |       0 |      22 |   0.0 |  1159
           D:4 |       0 |     405 |   0.0 |       0 |      25 |   0.0 |   549
           D:5 |       0 |     794 |   0.0 |       0 |      11 |   0.0 |   872
           D:6 |       0 |     977 |   0.0 |       0 |      27 |   0.0 |  1104
           D:7 |       0 |     840 |   0.0 |       0 |      13 |   0.0 |   960
           D:8 |       0 |    2099 |   0.0 |       0 |      33 |   0.0 |   696
           D:9 |       0 |    2751 |   0.0 |       0 |      32 |   0.0 |  1323
         Orc:1 |       0 |     339 |   0.0 |       0 |       6 |   0.0 |    44
               +---------+---------+-------+---------+---------+-------+---------
